 Dungeon Crawl Stone Soup version 0.20-a0-1006-ge6c5631 (webtiles) character file.

441 Magifyre the Chopper (level 7, -6/52 HPs)
             Began as a Formicid Fighter on Apr 13, 2017.
             Mangled by an ogre
             ... wielding a +0 giant club
              (22 damage)
             ... on level 5 of the Dungeon.
             The game lasted 00:09:04 (3808 turns).

Magifyre the Chopper (Formicid Fighter)             Turns: 3808, Time: 00:09:05

Health: -6/52      AC:  6    Str: 21    XL:     7   Next: 22%
Magic:  7/7        EV:  7    Int:  7    God:
Gold:   195        SH:  9    Dex: 12    Spells: 6/6 levels left

rFire    . . .     SeeInvis +   a - +0 war axe
rCold    . . .     Gourm    .   c - +0 shield
rNeg     . . .     Faith    .   b - +0 scale mail
rPois    +         Spirit   .   (helmet unavailable)
rElec    .         Reflect  .   (no cloak)
rCorr    .         Harm     .   (no gloves)
MR       .....                  (no boots)
Stlth    ..........             (no amulet)
Regen    0.2/turn               v - ring of poison resistance
MPRegen  0.1/turn               G - ring of teleportation (curse)

@: no status effects
A: permanent stasis, dig shafts and tunnels, four strong arms, antennae 3
a: Dig, Shaft Self


You were on level 5 of the Dungeon.
You were not hungry.

You visited 1 branch of the dungeon, and saw 5 of its levels.

You collected 195 gold pieces.

Inventory:

Hand Weapons
 a - a +0 war axe (weapon)
Missiles
 e - a throwing net (quivered)
 h - 6 tomahawks
 D - 5 poisoned tomahawks
Armour
 b - a +0 scale mail (worn)
 c - a +0 shield (worn)
Jewellery
 v - a ring of poison resistance (left hand)
 G - a cursed ring of teleportation (right hand)
Wands
 z - a wand of flame (28/48)
 A - a wand of lightning (13/15)
Scrolls
 i - 2 scrolls of magic mapping {unknown}
 j - a scroll of random uselessness {unknown}
 k - 3 scrolls of teleportation
 m - 3 scrolls of identify
 p - 2 scrolls of noise {unknown}
 s - 2 scrolls of fog {unknown}
 u - a scroll of recharging {unknown}
 x - a scroll of fear {unknown}
 y - a scroll of amnesia {unknown}
 B - a scroll of blinking {unknown}
 F - a scroll of immolation {unknown}
Potions
 d - a potion of might
 n - 3 potions of agility
 q - a potion of heal wounds
 t - 2 potions of curing
 C - a potion of cancellation
Comestibles
 f - 3 bread rations
 o - 4 fruits
 r - a meat ration
 E - 3 chunks of flesh


   Skills:
 - Level 3.2 Fighting
 + Level 7.3 Axes
 - Level 3.2 Armour
 - Level 3.6 Shields


You had 6 spell levels left.
You didn't know any spells.

Dungeon Overview and Level Annotations

Branches:
Dungeon (5/15)
 Temple: D:4-7

Altars:
Ashenzari
Fedhas
Hepliaklqana
Makhleb
Okawaru
Sif Muna
Vehumet


Innate Abilities, Weirdness & Mutations

You cannot be hasted, slowed, berserked, paralysed or teleported.
You can dig through walls and to a lower floor.
Your four strong arms can wield two-handed weapons with a shield.
You have a pair of large antennae on your head. (SInv)


Message History

The ogre is lightly wounded.
You slash the ogre!
The ogre is moderately wounded.
The ogre hits you with a giant club!
You closely miss the ogre.
The ogre is moderately wounded.
You block the ogre's attack.
Your shield and scale mail prevent you from hitting the ogre.
The ogre is moderately wounded.
The ogre hits you with a giant club!
You are too injured to fight recklessly!
You are too injured to fight recklessly!
You are too injured to fight recklessly!
You hit the ogre.
The ogre is heavily wounded.
The ogre hits you with a giant club!
You hit the ogre but do no damage.
The ogre is heavily wounded.
The ogre hits you with a giant club!!
You die...

......... .##....#.#
#..#.# .......#.# #..#.
.##....#.######..#.
..................
.................. #
.###...#..##..##.#.# .#
#...#..##..##O#.#####
.###..!#........@.......
.......#...#..##.#.#####
..##...#...#..##.#.#####
.......#...#..##..$.....
#..#.#.............#####
##.#.#.#...............
.....#.#...........####
##.#.#.#......###.....
..........#.# ....?.


You could see an ogre.

Vanquished Creatures
  An ogre (D:4)
  A centaur (D:5)
  A centaur skeleton (D:5)
  2 orc priests (D:4)
  An iguana (D:4)
  An orc wizard (D:4)
  A hound skeleton (D:4)
  4 adders
  2 worms (D:2)
  3 dart slugs
  4 leopard geckos
  12 orcs
  10 bats
  2 giant cockroaches
  5 goblins
  11 hobgoblins
  8 kobolds
  3 quokkas
  A ball python (D:3)
  3 frilled lizards
  4 rats
80 creatures vanquished.

Notes
Turn   | Place    | Note
-------+----------+-------------------------------------------
     0 | D:1      | Magifyre the Formicid Fighter began the quest for the Orb.
     0 | D:1      | Reached XP level 1. HP: 18/18 MP: 1/1
   136 | D:1      | Reached XP level 2. HP: 6/24 MP: 2/2
   371 | D:1      | Reached skill level 3 in Axes
   696 | D:2      | Reached XP level 3. HP: 29/29 MP: 3/3
   878 | D:2      | Found a blossoming altar of Fedhas.
  1240 | D:2      | Found an iron altar of Okawaru.
  1331 | D:2      | Reached skill level 4 in Axes
  1331 | D:2      | Reached XP level 4. HP: 31/35 MP: 4/4
  1542 | D:2      | Found a hazy altar of Hepliaklqana.
  1545 | D:2      | Found a burning altar of Makhleb.
  1548 | D:2      | Found a radiant altar of Vehumet.
  1877 | D:3      | Reached XP level 5. HP: 31/41 MP: 5/5
  2050 | D:3      | Found a deep blue altar of Sif Muna.
  2188 | D:4      | Reached skill level 5 in Axes
  2340 | D:4      | Noticed an ogre
  2348 | D:4      | Killed an ogre
  2348 | D:4      | Reached XP level 6. HP: 6/47 MP: 6/6
  2572 | D:4      | Reached skill level 6 in Axes
  3664 | D:5      | Entered Level 5 of the Dungeon
  3692 | D:5      | Found a shattered altar of Ashenzari.
  3708 | D:5      | Reached XP level 7. HP: 48/52 MP: 7/7
  3736 | D:5      | Reached skill level 7 in Axes
  3808 | D:5      | Mangled by an ogre

Vault maps used:
D:1:      lightli_arrival_statue_moat, hangedman_decor_growths,
          grunt_decor_mini_mirrors
D:2:      lemuel_round_altar, okawaru_gym_becter, grunt_temple_overflow_diamond,
          first_bread, corexii_corridor_pit, minmay_joined_circles
D:3:      led_sif_pool
D:5:      lemuel_doored_altar, uniq_edmund

Skill      XL: |  1  2  3  4  5  6  7 |
---------------+----------------------+-----
Axes           | 3 4 5 6 7 |  7.3
Fighting       | |  3.2
Armour         | |  3.2
Shields        | |  3.6

Action                   |  1- 3 |  4- 6 |  7- 9 || total
-------------------------+-------+-------+-------++-------
Melee: War axe           |   135 |   140 |    12 ||   287
  Use: Scroll            |       |       |     8 ||     8
  Eat: Chunk             |     1 |     8 |     1 ||    10
Armor: Scale mail        |    78 |    46 |     4 ||   128
Dodge: Dodged            |    62 |    31 |     1 ||    94
Block: Shield            |    87 |    70 |     9 ||   166
